 Dungeon Crawl Stone Soup version 0.23-a0-639-ga9a3373 (console) character file.

9 Duffy the Firebug (level 2, -2/19 HPs)
             Began as a Demonspawn Fire Elementalist on Dec 29, 2018.
             Slain by a goblin (4 damage)
             ... led by Robin
             ... on level 2 of the Dungeon.
             The game lasted 00:00:34 (292 turns).

Duffy the Firebug (Demonspawn Fire Elementalist)     Turns: 292, Time: 00:00:35

Health: -2/19      AC:  2    Str:  8    XL:     2   Next: 3%
Magic:  0/5        EV: 12    Int: 16    God:
Gold:   21         SH:  0    Dex: 13    Spells: 4/5 levels left

rFire    . . .     SeeInvis .   (no weapon)
rCold    . . .     Gourm    .   (no shield)
rNeg     . . .     Faith    .   a - +0 robe
rPois    .         Spirit   .   (helmet restricted)
rElec    .         Reflect  .   (no cloak)
rCorr    .         Harm     .   (no gloves)
MR       .....                  (no boots)
Stlth    ++........             (no amulet)
HPRegen  0.06/turn              (no ring)
MPRegen  0.09/turn              (no ring)

@: no status effects
A: horns 1
a: no special abilities


You were on level 2 of the Dungeon.
You were not hungry.

You visited 1 branch of the dungeon, and saw 2 of its levels.

You collected 21 gold pieces.

Inventory:

Armour
 a - a +0 robe (worn)
Potions
 b - a potion of berserk rage {unknown}
Comestibles
 c - a ration
 d - a chunk of flesh


   Skills:
 - Level 1.7 Dodging
 - Level 1.7 Stealth
 - Level 2.0 Spellcasting
 + Level 2.1 Conjurations
 - Level 2.6 Fire Magic


You had 4 spell levels left.
You knew the following spells:

 Your Spells              Type           Power        Failure   Level  Hunger
h - Flame Tongue          Conj/Fire      #....        8%          1    #......

Your spell library contained the following spells:

 Spells                   Type           Power        Failure   Level  Hunger
 Throw Flame              Conj/Fire      #.....       12%         2    ###....
 Conjure Flame            Conj/Fire      #.......     22%         3    ###....
 Inner Flame              Hex/Fire       #.......     34%         3    ###....
 Sticky Flame             Conj/Fire      #.......     58%         4    #####..
 Fireball                 Conj/Fire      #.........   91%         5    ######.


Dungeon Overview and Level Annotations

Branches:
Dungeon (2/15)

Altars:

Annotations:
D:2 Robin


Innate Abilities, Weirdness & Mutations

You have a pair of small horns on your head.


Message History

The quokka bites you. The goblin misses you.
Robin roars a battlecry!
The goblins go into a battle-frenzy!
You closely miss the quokka. You headbutt the quokka.
The quokka is almost dead.
The goblin barely misses you. The quokka bites you.
The goblin closely misses you.
Robin hits you from afar with a +0 spear.
A hobgoblin comes into view. It is wielding a +0 club.
You barely miss the quokka.
The quokka is almost dead.
The goblin hits you.
* * * LOW HITPOINT WARNING * * *
The quokka closely misses you. The goblin hits you with a +0 club.
* * * LOW HITPOINT WARNING * * *
Robin barely misses you.
You closely miss the quokka.
The quokka is almost dead.
The goblin hits you.
You die...

.....# .....## #.....#
#.%...# ###.....# gg.....+
###############)r)..+#####
........<..##..g@g.......#
######....###.#.........#
#....# #.#.........#
#####....# #.#.........#
#........# #.###'#+#####
#.......####.#...#
#...............##
#...............+
#...............#


You could see Robin, a quokka, a hobgoblin and 2 goblins.

Vanquished Creatures
  A dart slug (D:2)
  A bat (D:1)
  2 goblins
  A hobgoblin (D:2)
  A frilled lizard (D:2)
6 creatures vanquished.

Notes
Turn   | Place    | Note
-------+----------+-------------------------------------------
     0 | D:1      | Duffy the Demonspawn Fire Elementalist began the quest for
                  | the Orb.
     0 | D:1      | Reached XP level 1. HP: 13/13 MP: 3/3
   285 | D:2      | Gained mutation: You have a pair of small horns on your
                  | head. [demonic ancestry]
   285 | D:2      | Reached XP level 2. HP: 19/19 MP: 0/5
   286 | D:2      | Noticed Robin
   292 | D:2      | Slain by a goblin

Vault maps used:
D:1:      sevenhm_arrival_forest_fort_small_1
D:2:      minmay_misc_feat_five, uniq_robin, uniq_crazy_yiuf_cottage,
          uniq_natasha

Skill      XL: |  1 |
---------------+----+-----
Conjurations   | 2 |  2.1
Dodging        | |  1.7
Stealth        | |  1.7
Spellcasting   | |  2.0
Fire Magic     | |  2.6

Action                   || total
-------------------------++-------
Melee: Unarmed           ||    12
       Headbutt          ||     2
 Cast: Flame Tongue      ||    13
Armor: Robe              ||     8
Dodge: Dodged            ||    30

Table legend:
 A = Non-vault XP
 B = Vault XP
 C = Vault XP percentage of total XP
 D = Non-vault monster count
 E = Vault monster count
 F = Vault count percentage of total count
                 A         B        C        D         E       F
            +---------+---------+-------+---------+---------+-------
      Total |       9 |       4 |  30.8 |       4 |       2 |  33.3
            +---------+---------+-------+---------+---------+-------
        D:1 |       4 |       0 |   0.0 |       2 |       0 |   0.0
        D:2 |       5 |       4 |  44.4 |       2 |       2 |  50.0
            +---------+---------+-------+---------+---------+-------
